 Dungeon Crawl Stone Soup version 0.17.0-7-gfadd4cc (webtiles) character file.

95 oplop the Sneak (level 4, 0/23 HPs)
             Began as a Vine Stalker Assassin on Nov 8, 2015.
             Slain by an orc
             ... wielding a +0 trident
              (8 damage)
             ... on level 3 of the Dungeon.
             The game lasted 00:02:50 (1843 turns).

oplop the Sneak (Vine Stalker Assassin)             Turns: 1843, Time: 00:02:50

Health: 0/23       AC:  3    Str: 14    XL:     4   Next: 65%
Magic:  0/5        EV: 12    Int: 11    God:
Gold:   96         SH:  0    Dex: 16    Spells: 0 memorised, 3 levels left

rFire  . . .     SeeInvis .     a - +2 dagger
rCold  . . .     Clarity  .     c - +0 robe
rNeg   . . .     SustAt   .     (no shield)
rPois  .         Gourm    .     (no helmet)
rElec  .         Spirit   +     d - +0 cloak
rCorr  .         Warding  .     (no gloves)
rMut   .         Stasis   .     (no boots)
MR     .....                    (no amulet)
Stlth  +++.......               (no ring)
                                (no ring)

@: not resistant to hostile enchantments, fairly stealthy
A: fangs 2, regeneration 1, magic shield, antimagic bite, no device heal 3, rot
immunity
a: no special abilities


You were on level 3 of the Dungeon.
You were not hungry.

You visited 1 branch of the dungeon, and saw 3 of its levels.

You collected 96 gold pieces.

Inventory:

Hand Weapons
 a - a +2 dagger (weapon)
 b - a +0 blowgun
Missiles
 e - 37 poisoned needles
 f - 2 curare-tipped needles
 p - a throwing net (quivered)
Armour
 c - a +0 robe (worn)
 d - a +0 cloak (worn)
Jewellery
 k - an uncursed amulet of faith {unknown}
Scrolls
 i - a scroll of noise {unknown}
 j - 2 scrolls of identify {unknown}
 l - a scroll of remove curse {unknown}
 q - a scroll of amnesia {unknown}
Potions
 m - a potion of invisibility {unknown}
 n - a potion of lignification {unknown}
 o - a potion of heal wounds {unknown}
Comestibles
 g - 2 bread rations
 h - a meat ration
 r - a beef jerky
 s - a chunk of flesh


   Skills:
 - Level 1.7 Fighting
 + Level 2.4 Short Blades
 + Level 2.7 Throwing
 + Level 1.7 Dodging
 + Level 5.6 Stealth


You had 3 spell levels left.
You didn't know any spells.

Dungeon Overview and Level Annotations

Branches:
Dungeon (3/15)

Altars:
Sif Muna


Innate Abilities, Weirdness & Mutations

You have extremely sharp teeth.
Your natural rate of healing is unusually fast.
When hurt, damage is shared between your health and your magic reserves.
Your bite disrupts and absorbs the magic of your enemies.
Potions and wands cannot restore your health.
You are immune to rotting.


Message History

The orc wizard is moderately wounded.
The orc wizard casts a cantrip, but nothing happens.
The orc closely misses you. x2
The orc wizard gestures at you while chanting.
The magic dart hits you!
You barely miss the orc wizard.
The orc wizard is moderately wounded.
The orc wizard hits you but does no damage.
The orc misses you. The orc hits you with a club.
You hit the orc wizard but do no damage.
Your bite misses the orc wizard.
The orc wizard is moderately wounded.
The orc wizard hits you but does no damage.
The orc hits you with a trident.
You hit the orc wizard.
The orc wizard is heavily wounded.
The orc wizard completely misses you. The orc hits you with a club.
The orc wizard barely misses you.
The orc hits you from afar with a trident!
You die...

#
##################
#.........#......'
#.#######.#.######
#@#o....#.#.# #
#[.o....#.#.# #
###o#####.#.# #
#.# #.#.######
#.#####..รท....##
#....##.......##
####.##.......#
#...#.....###
#.#####.#.#


You could see 2 orcs.

Vanquished Creatures
  2 adders
  An ooze (D:2)
  2 worms
  A giant gecko (D:2)
  7 orcs (D:3)
  7 bats
  2 giant cockroaches (D:1)
  7 hobgoblins
  2 jackals (D:1)
  A quokka (D:2)
  3 ball pythons
  5 giant newts
  5 goblins
  8 kobolds
  4 rats
57 creatures vanquished.

Notes
Turn   | Place    | Note
--------------------------------------------------------------
     0 | D:1      | oplop the Vine Stalker Assassin began the quest for the Orb.
     0 | D:1      | Reached XP level 1. HP: 11/11 MP: 2/2
    41 | D:1      | Reached skill level 1 in Dodging
   119 | D:1      | Reached XP level 2. HP: 15/15 MP: 3/3
   268 | D:1      | Reached skill level 5 in Stealth
   750 | D:1      | Reached XP level 3. HP: 13/18 MP: 2/4
  1172 | D:2      | Found a deep blue altar of Sif Muna.
  1340 | D:2      | Reached XP level 4. HP: 23/23 MP: 5/5
  1407 | D:2      | You fall through a shaft!
  1843 | D:3      | Slain by an orc

Action                   |  1- 3 |  4- 6 || total
-------------------------+-------+-------++-------
Melee: Dagger            |    95 |    45 ||   140
 Fire: Blowgun           |       |    20 ||    20
Throw: Throwing net      |       |     1 ||     1
 Stab: Sleeping          |    16 |     2 ||    18
       Distracted        |     1 |       ||     1
  Eat: Chunk             |     1 |     2 ||     3
